 Dungeon Crawl Stone Soup version 0.31.0-9-g3a7656b989 (webtiles) character file.

Game seed: 13377914129166342942

58 Gottschkopf the Trooper (level 3, -5/37 HPs)
             Began as a Minotaur Fighter on Jan 29, 2024.
             Slain by a gnoll
             ... wielding a +0 halberd
              (9 damage)
             ... on level 2 of the Dungeon.
             The game lasted 00:01:36 (620 turns).

Gottschkopf the Trooper (Minotaur Fighter)           Turns: 620, Time: 00:01:37

Health: -5/37      AC:  6    Str: 22    XL:     3   Next: 75%
Magic:  2/2        EV:  9    Int:  5    God:
Gold:   65         SH:  5    Dex: 15    Spells: 2/2 levels left

rFire   . . .        a - +0 long sword
rCold   . . .        c - +0 buckler
rNeg    . . .        b - +0 scale mail
rPois   .            (helmet restricted)
rElec   .            (no cloak)
rCorr   .            (no gloves)
SInv    .            (no boots)
Will    .....        (no amulet) Stlth
                     g - +6 ring of dexterity
HPRegen 0.26/turn    (no ring)
MPRegen 0.08/turn

%: no passive effects
@: no status effects
A: horns 2, retaliatory headbutt
a: no special abilities


You were on level 2 of the Dungeon.
You visited 1 branch of the dungeon, and saw 2 of its levels.

You collected 65 gold pieces.

Inventory:

Hand Weapons
 a - a +0 long sword (weapon)
Armour
 b - a +0 scale mail (worn)
 c - a +0 buckler (worn)
Jewellery
 e - a ring of ice
 g - a +6 ring of dexterity (left hand)
Scrolls
 f - 2 scrolls of enchant armour {unknown}
 h - 3 scrolls of teleportation {unknown}
Potions
 d - a potion of might
 i - a potion of heal wounds {unknown}
 j - a potion of cancellation {unknown}
 k - a potion of curing {unknown}
 l - a potion of attraction {unknown}


   Skills:
 + Level 5.7 Fighting
 - Level 2.4 Long Blades
 - Level 3.6 Armour
 - Level 3.6 Shields


You had 2 spell levels left.
You didn't know any spells.
Your spell library contained the following spells:

 Spells                   Type           Power      Damage    Failure   Level
 Shock                    Conj/Air       0%         1d3       86%         1
 Swiftness                Air            0%         N/A       99%         3
 Airstrike                Air            0%         2d(0-16)  100%        4


Dungeon Overview and Level Annotations

Branches:
Dungeon (2/15)

Altars:


Innate Abilities, Weirdness & Mutations

You have a pair of horns on your head.
You reflexively headbutt those who attack you in melee.


Message History

You slash the ball python!
You kill the ball python!
No target in view!
No target in view!
No target in view!
l - a green potion A gnoll comes into view.
It is wielding a +0 halberd.
Found a dagger.
The gnoll shouts!
You see here a book of Conjurations. 2 gnolls come into view.
The gnoll shouts! x2
The gnoll hits you with a +0 halberd.
You closely miss the gnoll. The gnoll hits you with a +0 halberd.
The gnoll hits you but does no damage.
You closely miss the gnoll. You headbutt the gnoll!
You kill the gnoll!
The gnoll hits you from afar with a +0 halberd.
The gnoll hits you with a +0 halberd!
You see here a +0 halberd.
The gnoll hits you but does no damage. The gnoll attacks as it pursues you!
You block the gnoll's attack. The gnoll attacks as it pursues you!
The gnoll hits you but does no damage.
You slash the gnoll!
The gnoll is almost dead.
The gnoll hits you from afar with a +0 halberd.
You slash the gnoll!
You kill the gnoll!
You block the gnoll's attack. The gnoll hits you with a +0 halberd!
You see here a +0 flail.
You are too injured to fight recklessly!
You are too injured to fight recklessly!
You are too injured to fight recklessly!
You are too injured to fight recklessly!
You are too injured to fight recklessly!
You hit the gnoll but do no damage. The gnoll hits you with a +0 halberd!
* * * LOW HITPOINT WARNING * * *
The gnoll hits you with a +0 halberd!
You die...

##.... ## #.... ..
#...# .# #...# .# .#
#...# .##.### #...#
#.####).....# #...#
#....g###.#.#.#
....#
#####@#<#<#.#.#
##..# #.#.#.#.#.#
##.# #.#.......# #.#
#:...)#...# #.###
#########.#...#
#...###
#.............#
###...#
#.#######.....#
###.#
#.#...>....(..#
#.####.#.####.#.#..#


You could see a gnoll.

Vanquished Creatures
  2 gnolls (D:2)
  A dart slug (D:1)
  5 ball pythons
  3 endoplasms
  2 giant cockroaches
  2 goblins
  2 hobgoblins (D:1)
  6 jackals (D:1)
  2 quokkas (D:2)
  A bat (D:1)
  3 frilled lizards
  5 kobolds (D:1)
  2 rats (D:1)
36 creatures vanquished.

Notes
Turn   | Place    | Note
-------+----------+-------------------------------------------
     0 | D:1      | Gottschkopf the Minotaur Fighter began the quest for the
                  | Orb.
     0 | D:1      | Reached XP level 1. HP: 19/19 MP: 0/0
    38 | D:1      | Reached skill level 4 in Fighting
    76 | D:1      | Reached XP level 2. HP: 28/28 MP: 1/1
   195 | D:1      | Reached skill level 5 in Fighting
   336 | D:1      | Reached XP level 3. HP: 36/36 MP: 2/2
   620 | D:2      | Slain by a gnoll

Illustrated notes

Levels and vault maps discovered:
D:1:      scummos_arrival_forest, layout_rooms
D:2:      layout_basic, basic_altar, minmay_pentomino_p2

Skill      XL: |  1  2 |
---------------+-------+-----
Fighting       | 4 5 |  5.7
Long Blades    | |  2.4
Armour         | |  3.6
Shields        | |  3.6

Action                     || total
---------------------------++-------
  Melee: Long sword        ||    68
         Headbutt          ||    10
 Armour: Scale mail        ||    56
  Dodge: Dodged            ||    35
  Block: Buckler           ||    23
